Map: [ESL] Dragon Scales

Players

Lambo

  • Race: Zerg Zerg
  • League: Master
  • Spawn Location: 11:00

LiquidElazer (Elazer) - Winner!

  • Race: Zerg Zerg
  • League: Master
  • Spawn Location: 5:00

Event: HomeStory Cup XXIII

VOD

Have the link to the VOD?

Description

Time

  • Played on: July 2, 2023, 11:53 a.m.
  • Length: 13:29

All games in this series

Show
View Real Time Build Order
Export as new Build Order

Lambo Zerg 

Build Orders: Hatch First 

Get SALT Encoding   

  12  0:00  Drone  
  13  0:12  Overlord  
  13  0:18  Drone  
  14  0:31  Drone x2  
  16  0:48  Hatchery  
  15  0:51  Drone  
  15  0:54  Drone  
  17  0:58  Drone  
  18  1:08  Extractor  
  17  1:13  Spawning Pool  
  17  1:16  Drone  
  17  1:19  Drone  
  18  1:28  Drone  
  19  1:38  Drone  
  20  1:49  Drone  
  21  2:00  Queen x2  
  21  2:01  Overlord, Zergling x2  
  26  2:09  Metabolic Boost  
  26  2:10  Drone  
  26  2:11  Drone  
  28  2:22  Drone, Zergling x2  
  30  2:32  Drone x2  
  32  2:39  Hatchery  
  32  2:43  Drone  
  32  2:46  Baneling Nest  
  32  2:50  Overlord  
  31  2:55  Drone  
  32  2:59  Drone  
  32  3:02  Queen  
  35  3:06  Drone  
  35  3:10  Drone x2  
  35  3:11  Zergling x2  
  39  3:13  Zergling x2  
  39  3:17  Overlord  
  41  3:20  Zergling x2  
  41  3:22  Drone  
  41  3:24  Drone  
  41  3:26  Drone  
  44  3:30  Baneling  
  44  3:38  Drone x2  
  45  3:41  Drone x4  
  45  3:43  Drone x2  
  45  3:45  Extractor  
  45  3:47  Drone x2  
  45  3:48  Baneling  
  52  3:55  Overlord, Roach Warren  
  51  3:58  Drone  
  51  4:00  Drone  
  53  4:03  Drone  
  53  4:05  Drone  
  55  4:12  Baneling x2  
  55  4:13  Zergling x6  
  55  4:16  Zergling x2  
  55  4:17  Extractor, Zergling x4  
  60  4:23  Zergling x10  
  64  4:32  Overlord  
  64  4:36  Roach  
  64  4:37  Overlord  
  65  4:40  Overlord, Spine Crawler  
  65  4:41  Spine Crawler  
  63  4:50  Roach  
  63  4:52  Roach x4  
  73  4:56  Baneling x3  
  73  4:57  Roach  
  75  5:00  Roach x2  
  75  5:06  Roach x2  
  79  5:16  Roach x4  
  79  5:19  Roach  
  84  5:28  Roach x2  
  84  5:34  Roach  
  85  5:38  Roach x3  
  85  5:40  Zergling x2  
  85  5:41  Zergling x6  
  88  5:45  Zergling x2  
  88  5:49  Drone  
  83  5:53  Zergling x2  
  80  5:57  Queen, Lair  
  80  6:02  Drone  
  80  6:03  Drone x2  
  85  6:06  Queen  
  85  6:09  Drone  
  88  6:12  Drone  
  88  6:13  Drone  
  88  6:15  Evolution Chamber  
  88  6:16  Drone  
  89  6:29  Extractor, Overlord  
  89  6:30  Drone, Overlord  
  89  6:32  Overlord  
  89  6:39  Overlord  
  87  6:42  Zerg Missile Weapons Level 1  
  87  6:46  Overlord  
  87  6:48  Drone x2  
  87  6:49  Drone  
  87  6:53  Drone x2  
  91  7:00  Spire  
  89  7:01  Roach x4  
  89  7:02  Glial Reconstitution  
  95  7:09  Roach  
  95  7:12  Roach x4  
  95  7:15  Roach  
  107  7:16  Overlord  
  107  7:20  Extractor  
  107  7:21  Extractor  
  107  7:22  Drone  
  103  7:31  Overlord  
  103  7:32  Drone x3  
  103  7:34  Overlord  
  103  7:37  Overlord  
  106  7:41  Drone x4  
  110  7:45  Drone  
  110  7:51  Drone x4  
  110  7:56  Drone x3  
  116  8:01  Drone x2  
  116  8:02  Drone  
  119  8:13  Mutalisk x5  
  119  8:16  Mutalisk x2  
  133  8:25  Hatchery, Mutalisk  
  134  8:29  Drone x2  
  134  8:33  Mutalisk  
  138  8:36  Overlord  
  138  8:37  Zerg Missile Weapons Level 2  
  136  8:48  Overlord  
  136  8:50  Roach  
  136  8:51  Overlord  
  136  8:54  Evolution Chamber  
  137  8:56  Roach x4  
  137  8:57  Overlord, Ravager  
  146  9:07  Roach x4  
  154  9:11  Roach x3  
  154  9:14  Ravager x2  
  163  9:17  Hydralisk Den  
  162  9:28  Overlord  
  162  9:36  Spore Crawler x2  
  162  9:37  Spore Crawler  
  159  9:46  Hydralisk x9, Muscular Augments  
  159  9:49  Overlord  
  177  9:54  Overlord  
  177  10:07  Overlord x2, Spore Crawler  
  177  10:09  Overlord  
  177  10:12  Hydralisk x3  
  182  10:25  Hydralisk x5  
  181  10:32  Hydralisk x2  
  181  10:42  Hydralisk x2  
  182  10:46  Roach x2  
  182  10:49  Ravager x2  
  188  10:52  Extractor  
  188  10:54  Roach  
  188  10:55  Roach  
  186  10:57  Roach x2  
  186  11:03  Roach x3  
  190  11:07  Hydralisk  
  190  11:09  Roach  
  169  11:17  Roach x4  
  171  11:20  Hydralisk  
  171  11:23  Grooved Spines  
  171  11:31  Roach  
  171  11:32  Roach x3  
  179  11:42  Roach x3  
  179  11:43  Queen  
  186  11:54  Roach x5  
  177  12:04  Spore Crawler  
  170  12:09  Hydralisk  
  170  12:10  Hydralisk x3  
  176  12:18  Hydralisk, Hydralisk Den  
  175  12:23  Hydralisk  
  175  12:26  Spore Crawler  
  176  12:35  Hydralisk x2  
  156  12:41  Hydralisk  
  140  12:47  Hydralisk  
  130  12:57  Hydralisk x2  
  114  13:04  Hydralisk  
Show
View Real Time Build Order
Export as new Build Order

LiquidElazer Zerg - Winner!

Build Orders: Hatch First 

Get SALT Encoding   

  12  0:00  Drone  
  13  0:12  Overlord  
  13  0:16  Drone  
  14  0:30  Drone x2  
  16  0:47  Hatchery  
  15  0:50  Drone  
  15  0:54  Drone  
  17  0:57  Drone  
  18  1:07  Extractor  
  17  1:12  Spawning Pool  
  17  1:16  Drone  
  17  1:18  Drone  
  18  1:27  Drone  
  19  1:38  Drone  
  20  1:49  Drone  
  21  1:59  Queen x2  
  21  2:00  Zergling x2  
  26  2:02  Overlord  
  26  2:08  Metabolic Boost  
  26  2:10  Drone x2  
  28  2:22  Drone x2  
  30  2:33  Hatchery  
  29  2:39  Drone x2  
  31  2:45  Baneling Nest  
  31  2:47  Drone  
  31  2:49  Overlord  
  31  2:57  Zergling x2  
  31  2:58  Drone  
  33  3:04  Drone x2  
  35  3:09  Drone x2  
  35  3:10  Drone  
  35  3:11  Overlord  
  38  3:16  Drone x2  
  40  3:20  Zergling x4  
  42  3:27  Extractor  
  42  3:28  Roach Warren  
  42  3:33  Drone x2  
  43  3:41  Drone x3  
  43  3:43  Overlord x2  
  43  3:46  Zergling x4  
  46  4:08  Roach  
  46  4:09  Roach x5  
  58  4:12  Roach x3  
  58  4:14  Roach  
  66  4:18  Roach  
  69  4:24  Roach  
  69  4:26  Roach  
  69  4:27  Overlord  
  71  4:32  Roach  
  71  4:35  Zergling x2  
  71  4:37  Baneling  
  74  4:40  Baneling  
  74  4:42  Overlord  
  74  4:46  Zergling x14  
  74  4:52  Zergling x2  
  82  5:10  Zergling x14  
  82  5:13  Baneling  
  86  5:22  Zergling x8  
  85  5:38  Zergling x2  
  85  5:39  Zergling x16  
  85  5:41  Queen  
  78  5:49  Zergling x2  
  69  5:53  Drone x2  
  68  5:57  Lair  
  68  5:59  Drone  
  68  6:03  Drone x2  
  71  6:11  Ravager x4  
  71  6:12  Drone x8  
  83  6:19  Overlord  
  83  6:25  Drone x3  
  86  6:37  Extractor x2  
  83  6:40  Roach x7  
  83  6:41  Overlord  
  97  6:52  Overlord  
  94  6:55  Drone x4  
  94  6:59  Drone x4  
  99  7:01  Drone  
  99  7:04  Glial Reconstitution  
  99  7:09  Drone x3  
  99  7:10  Drone x4  
  106  7:16  Drone x2  
  106  7:20  Spire, Extractor  
  106  7:23  Extractor  
  106  7:26  Roach x3  
  111  7:33  Roach  
  111  7:35  Overlord  
  113  7:41  Overlord x2  
  112  7:47  Roach  
  112  7:48  Roach  
  112  7:49  Overlord  
  114  7:51  Overlord  
  114  7:55  Roach x4  
  122  8:00  Roach x3  
  122  8:02  Hatchery  
  122  8:04  Roach x4  
  135  8:15  Roach x6  
  147  8:24  Drone x4  
  151  8:32  Mutalisk  
  153  8:34  Overlord x2  
  151  8:43  Mutalisk x2  
  151  8:46  Overlord  
  153  8:48  Evolution Chamber  
  153  8:53  Mutalisk x4  
  160  8:58  Overlord x2  
  160  9:14  Overlord x2  
  154  9:17  Mutalisk x5  
  154  9:22  Mutalisk  
  163  9:33  Overlord x2  
  163  9:37  Mutalisk x2  
  167  9:42  Overlord x2  
  167  9:45  Zerg Missile Weapons Level 1  
  167  9:46  Mutalisk  
  167  9:50  Overlord  
  168  9:53  Mutalisk  
  169  10:00  Roach x2  
  169  10:01  Roach x3  
  179  10:11  Roach x7  
  193  10:19  Roach x3  
  195  10:31  Drone x6  
  191  10:44  Roach x4  
  199  11:03  Roach x5  
  171  11:12  Roach x12  
  187  11:21  Ravager x3  
  187  11:22  Roach x6  
  194  11:41  Roach x3  
  194  11:46  Hydralisk Den  
  183  12:01  Roach x8  
  183  12:02  Roach  
  183  12:07  Roach x3  
  196  12:09  Roach x3  
  196  12:11  Ravager x3  
  197  12:27  Ravager  
  197  12:28  Ravager x2  
  200  12:31  Hatchery  
  177  12:39  Roach x11  
  177  12:42  Roach x2  
  158  12:46  Roach  
  158  12:47  Roach x2  
  158  12:48  Queen  
  158  12:49  Queen  
  148  12:58  Roach x6  
  140  13:03  Roach x4  
Tags
 
Add a new tag
Caveats
  • Supply blocks, unpowered buildings, or Contaminate may cause inaccurate times.
  • Supply counts are checked every 10 seconds.